 Dungeon Crawl Stone Soup version 0.24.0-125-gc4c63601f3 (webtiles) character file.

Game seed: 13097614925545227860, levelgen mode: deterministic

226 Peloso the Shield-Bearer (level 5, -5/47 HPs)
             Began as a Minotaur Fighter on Mar 22, 2020.
             Slain by Sigmund
             ... wielding a +2 scythe of freezing
              (7 damage)
             ... on level 3 of the Dungeon.
             The game lasted 00:05:34 (2330 turns).

Peloso the Shield-Bearer (Minotaur Fighter)         Turns: 2330, Time: 00:05:35

Health: -5/47      AC:  9    Str: 20    XL:     5   Next: 69%
Magic:  4/4        EV:  4    Int:  5    God:
Gold:   231        SH: 14    Dex: 11    Spells: 4/4 levels left

rFire    + . .     SeeInvis .   a - +0 long sword
rCold    x . .     Gourm    .   c - +0 large shield
rNeg     + . .     Faith    .   i - +0 chain mail
rPois    .         Spirit   .   (helmet restricted)
rElec    .         Reflect  .   (no cloak)
rCorr    .         Harm     .   (no gloves)
MR       .....                  (no boots)
Stlth    ..........             (no amulet)
HPRegen  0.15/turn              m - ring of fire
MPRegen  0.09/turn              n - ring of positive energy

@: no status effects
A: retaliatory headbutt, horns 2
a: no special abilities


You were on level 3 of the Dungeon.
You were hungry.

You visited 1 branch of the dungeon, and saw 3 of its levels.

You collected 231 gold pieces.

Inventory:

Hand Weapons
 a - a +0 long sword (weapon)
 e - a +2 dagger of venom
Armour
 b - a +0 scale mail
 c - a +0 large shield (worn)
 i - a +0 chain mail (worn)
Jewellery
 m - a ring of fire (left hand)
 n - a ring of positive energy (right hand)
Wands
 g - a wand of iceblast (5)
Scrolls
 h - a scroll of fog {unknown}
 k - 3 scrolls of magic mapping {unknown}
 l - 2 scrolls of remove curse {unknown}
 p - a scroll of identify
 r - a scroll of fear {unknown}
 s - a scroll of enchant armour {unknown}
Potions
 d - 2 potions of might
 j - 2 potions of agility
 o - a potion of heal wounds
 t - 2 potions of curing
Comestibles
 f - 4 rations


   Skills:
 + Level 4.8 Fighting
 + Level 4.1 Long Blades
 + Level 4.6 Armour
 + Level 1.1 Dodging
 + Level 5.1 Shields


You had 4 spell levels left.
You didn't know any spells.
Your spell library was empty.

Dungeon Overview and Level Annotations

Branches:
Dungeon (3/15)

Altars:
Ashenzari
Cheibriados
Elyvilon
Trog
Wu Jian
Beogh

Annotations:
D:3 Sigmund


Innate Abilities, Weirdness & Mutations

You reflexively headbutt those who attack you in melee.
You have a pair of horns on your head.


Message History

Something tries to affect you, but you resist.
A puff of flame appears from out of thin air!
The puff of flame hits you. You resist. Something hits you but does no damage.
You miss something. Something hits you. Something freezes you.
Your shield prevents you from hitting something.
Something hits you!
* * * LOW HITPOINT WARNING * * *
Something freezes you.
* * * LOW HITPOINT WARNING * * *
You miss something. You closely miss something. Something hits you.
* * * LOW HITPOINT WARNING * * *
Something freezes you.
* * * LOW HITPOINT WARNING * * *
Your shield and chain mail prevent you from hitting something.
Something hits you but does no damage.
Your shield and chain mail prevent you from hitting something.
You headbutt something! Something hits you!
You die...

...>..[..(.)...#####...####
...)..##...#.#.#...........
...........#...(((.........
......##.#####(#..)...>....
......##...#...###.#...#..#
......##...#...#.......# #
#####........#.#.#.#...#
##......##.#{#........
#.#(.#.##.#@#........
#..#.#.##.#.#.......##
#.###.....#.......###
######..#.#########....#
#.(.(..#.## .....
..######## ... ### ##


There were no monsters in sight!

Vanquished Creatures
  2 orc priests
  Terence (D:2)
  Robin (D:2)
  5 adders
  3 worms (D:2)
  A dart slug (D:3)
  A leopard gecko (D:3)
  2 orcs (D:3)
  6 bats
  4 giant cockroaches
  17 hobgoblins
  2 jackals (D:1)
  6 kobolds
  A quokka (D:2)
  A ball python (D:2)
  A frilled lizard (D:2)
  12 goblins
  2 rats
68 creatures vanquished.

Notes
Turn   | Place    | Note
-------+----------+-------------------------------------------
     0 | D:1      | Peloso the Minotaur Fighter began the quest for the Orb.
     0 | D:1      | Reached XP level 1. HP: 19/19 MP: 0/0
   175 | D:1      | Reached XP level 2. HP: 25/27 MP: 1/1
   787 | D:2      | Noticed Terence
   796 | D:2      | Reached XP level 3. HP: 32/34 MP: 2/2
   810 | D:2      | Killed Terence
   810 | D:2      | Reached skill level 4 in Shields
   875 | D:2      | Reached XP level 4. HP: 15/41 MP: 3/3
  1161 | D:2      | Noticed Robin
  1190 | D:2      | Killed Robin
  1190 | D:2      | Reached skill level 1 in Dodging
  1653 | D:2      | Found a white marble altar of Elyvilon.
  1655 | D:2      | Found an ornate altar of the Wu Jian Council.
  1662 | D:2      | Found a bloodstained altar of Trog.
  1672 | D:2      | Found a snail-covered altar of Cheibriados.
  1673 | D:2      | Found a shattered altar of Ashenzari.
  1933 | D:3      | Reached XP level 5. HP: 44/47 MP: 4/4
  1943 | D:3      | Found a roughly hewn altar of Beogh.
  2075 | D:2      | Reached skill level 5 in Shields
  2306 | D:3      | Noticed Sigmund
  2328 | D:3      | HP: 2/47 [something (3)]
  2330 | D:3      | Slain by Sigmund

Levels and vault maps discovered:
D:1:      minmay_arrival_up_and_down, layout_loops_cross,
          minmay_misc_feat_secret_circle
D:2:      minmay_alternating_diamond, layout_basic, minitemple, uniq_terence,
          uniq_robin
D:3:      layout_loops_cross, chequers_serial_rivers_micro_a,
          kennysheep_orc_chapel, uniq_natasha, uniq_sigmund

Skill      XL: |  1  2  3  4  5 |
---------------+----------------+-----
Armour         | 4 |  4.6
Fighting       | 4 |  4.8
Long Blades    | 3 4 |  4.1
Shields        | 4 5 |  5.1
Dodging        | 1 |  1.1

Action                   |  1- 3 |  4- 6 || total
-------------------------+-------+-------++-------
Melee: Long sword        |    70 |   140 ||   210
       Headbutt          |    10 |    19 ||    29
  Use: Potion            |     2 |     3 ||     5
       Scroll            |     1 |     1 ||     2
  Eat: Chunk             |       |     4 ||     4
Armor: Scale mail        |    47 |       ||    47
       Chain mail        |     1 |    81 ||    82
Dodge: Dodged            |    19 |    15 ||    34
Block: Shield            |    24 |       ||    24
       Large shield      |    57 |   118 ||   175
       Rpst.: Long sword |     4 |     6 ||    10
